 Dungeon Crawl Stone Soup version 0.19.1 (webtiles) character file.

2993 nikopol the Cleaver (level 9, -5/121 HPs)
             Began as a Minotaur Berserker on Nov 27, 2016.
             Was an Elder of Trog.
             Splashed by a jelly's acid (9 damage)
             ... on level 7 of the Dungeon.
             The game lasted 00:14:03 (6468 turns).

nikopol the Cleaver (Minotaur Berserker)            Turns: 6468, Time: 00:14:04

Health: -5/121     AC: -3    Str: 28    XL:     9   Next: 54%
Magic:  8/8        EV: 15    Int:  4    God:    Trog [****..]
Gold:   531        SH:  0    Dex: 12    Spells: 0 memorised, 8 levels left

rFire  . . .     SeeInvis .     a - +3 hand axe
rCold  . . .     Gourm    .     x - -1 leather armour (curse)
rNeg   . . .     Faith    .     (no shield)
rPois  .         Spirit   .     o - +1 hat
rElec  .         Reflect  .     (no cloak)
rCorr  .         Harm     .     (no gloves)
MR     .....                    (no boots)
Stlth  ..........               (no amulet)
                                (no ring)
                                (no ring)

@: berserking, corroded, very quick
A: retaliatory headbutt, horns 2
a: Berserk, Trog's Hand, Brothers in Arms, Burn Spellbooks, Renounce Religion


You were on level 7 of the Dungeon.
You worshipped Trog.
Trog was greatly pleased with you.
You were very hungry.

You visited 1 branch of the dungeon, and saw 7 of its levels.

You collected 531 gold pieces.

Inventory:

Hand Weapons
 a - a +3 hand axe (weapon)
 q - a +0 hand axe
 z - a +0 shortbow
 G - a +0 war axe
Missiles
 C - 12 arrows
Armour
 b - a +0 animal skin
 o - a +1 hat (worn)
 t - a +0 ring mail
 x - a cursed -1 leather armour (worn)
 H - a +3 chain mail
Jewellery
 j - an uncursed ring of protection from cold {unknown}
 D - a cursed ring of teleportation {unknown}
Wands
 s - a wand of enslavement (10/24)
Scrolls
 d - 4 scrolls of recharging {unknown}
 e - 5 scrolls of remove curse {unknown}
 f - 2 scrolls of fog {unknown}
 g - 8 scrolls of teleportation {unknown}
 i - 4 scrolls of immolation {unknown}
 l - 2 scrolls of noise {unknown}
 m - 11 scrolls of identify {unknown}
 r - a scroll of enchant armour {unknown}
 w - a scroll of magic mapping {unknown}
 y - a scroll of enchant weapon {unknown}
Potions
 k - 4 potions of haste {unknown}
 n - 3 potions of curing {unknown}
 p - 4 potions of degeneration {unknown}
 u - 2 potions of flight {unknown}
 v - a potion of lignification {unknown}
 A - a potion of heal wounds
 B - a potion of mutation {unknown}
Books
 F - a book of Changes

   Spells                             Type                      Level
   a - Beastly Appendage              Transmutation                1
   b - Sticks to Snakes               Transmutation                2
   c - Spider Form                    Transmutation/Poison         3
   d - Ice Form                       Ice/Transmutation            4
   e - Blade Hands                    Transmutation                5
   Trog disapproves of the use of such an item.
Comestibles
 c - 5 bread rations
 h - 5 meat rations
 E - a royal jelly


   Skills:
 + Level 7.8 Fighting
 * Level 9.2 Axes
 * Level 5.2 Bows
 + Level 7.4 Armour
 + Level 6.7 Dodging


You had 8 spell levels left.
You didn't know any spells.

Dungeon Overview and Level Annotations

Branches:
Dungeon (7/15)             Temple (0/1) D:5

Altars:

Shops:
D:7 (


Innate Abilities, Weirdness & Mutations

You reflexively headbutt those who attack you in melee.
You have a pair of horns on your head.


Message History

Press: ? - help, Shift-Dir - straight line, f/p - jelly
Aim: a jelly (translocational energy, lightly wounded)
You shoot an arrow. The arrow hits the jelly!
The jelly is severely wounded.
The jelly hits you. The acid corrodes you!
You are splashed with acid!
The acid burns!
* * * LOW HITPOINT WARNING * * *
Wield which item (- for none, * to show all)? (? for menu, Esc to quit)
a - a +3 hand axe (weapon)
The jelly hits you.
* * * LOW HITPOINT WARNING * * *
You are splashed with acid!
The acid burns!
* * * LOW HITPOINT WARNING * * *
A red film seems to cover your vision as you go berserk!
You feel yourself moving faster!
You feel mighty!
You are feeling very hungry.
The jelly hits you.
* * * LOW HITPOINT WARNING * * *
The acid corrodes you!
You are splashed with acid!
The acid burns!
You die... ###.# .(..... # #.# ..... #.# sW.

#.#
#######c####
###.#
.......(...#
#...#
..........c#
#.#.#
.........(K#
....#
#+########J#
..### ###@(#
....# #..W.#
.#### ##....#
.# #...).# .#
#..(.## .#
#....# .####
#.)### ....#
### #.##
.###.####.###.#


You could see a phantom, a big kobold, a centaur and a jelly.

Vanquished Creatures
  The ghost of Nicoed the Skirmisher, a novice OgTm of Cheibriados (D:6)
  Grinder (D:4)
  Eustachio (D:4)
  3 sky beasts (D:5)
  An orc warrior (D:7)
  A phantom (D:6)
  2 ice beasts
  3 ogres
  2 centaurs
  An eye of draining (D:7)
  The ghost of danny2772 the Shooter, an amateur HEHu of Uskayaw (D:3)
  2 big kobolds (D:5)
  A bullfrog (D:6)
  A scorpion (D:6)
  2 hounds
  4 orc priests
  A centaur skeleton (D:6)
  A jelly (D:7)
  5 orc wizards
  3 worker ants
  7 gnolls
  5 adders
  A shadow imp (D:5)
  An ooze (D:2)
  An adder zombie (D:5)
  An adder skeleton (D:6)
  3 dart slugs
  2 leopard geckos
  17 orcs
  3 ball pythons
  4 bats (D:1)
  7 giant cockroaches
  4 goblins
  7 hobgoblins
  8 jackals
  14 kobolds
  5 quokkas
  4 frilled lizards
  2 quokka skeletons (D:6)
  6 rats
139 creatures vanquished.

Notes
Turn   | Place    | Note
-------+----------+-------------------------------------------
     0 | D:1      | nikopol the Minotaur Berserker began the quest for the Orb.
     0 | D:1      | Reached XP level 1. HP: 19/19 MP: 0/0
   337 | D:1      | Reached XP level 2. HP: 15/26 MP: 1/1
   584 | D:1      | Reached skill level 4 in Axes
  1140 | D:2      | Reached XP level 3. HP: 33/33 MP: 2/2
  1189 | D:2      | Reached ** piety under Trog
  1501 | D:3      | Noticed danny2772's ghost (amateur HEHu)
  1506 | D:3      | Killed danny2772's ghost
  1506 | D:3      | Reached XP level 4. HP: 41/41 MP: 3/3
  1767 | D:3      | Reached XP level 5. HP: 43/47 MP: 4/4
  2310 | D:4      | Noticed Eustachio
  2326 | D:4      | Killed Eustachio
  2326 | D:4      | Reached skill level 5 in Fighting
  2326 | D:4      | Reached skill level 5 in Axes
  2326 | D:4      | Reached XP level 6. HP: 29/56 MP: 5/5
  2392 | D:4      | Noticed Grinder
  2418 | D:4      | Killed Grinder
  2615 | D:4      | Reached skill level 5 in Armour
  2615 | D:4      | Reached XP level 7. HP: 58/61 MP: 6/6
  2900 | D:5      | Entered Level 5 of the Dungeon
  3043 | D:5      | Reached skill level 6 in Axes
  3087 | D:5      | Reached skill level 5 in Dodging
  3693 | D:5      | Noticed a hungry ghost
  3813 | D:5      | Reached XP level 8. HP: 66/71 MP: 7/7
  3959 | D:5      | Reached skill level 7 in Axes
  4063 | D:5      | Reached *** piety under Trog
  4192 | D:5      | Found a staircase to the Ecumenical Temple.
  4242 | D:5      | Reached skill level 1 in Bows
  4648 | D:6      | Noticed Nicoed's ghost (novice OgTm)
  4658 | D:6      | Killed Nicoed's ghost
  4658 | D:6      | Reached skill level 8 in Axes
  4688 | D:6      | Reached XP level 9. HP: 66/79 MP: 8/8
  5688 | D:6      | Reached **** piety under Trog
  5852 | D:7      | Reached skill level 9 in Axes
  6144 | D:7      | Found Doroh's Weapon Shoppe.
  6191 | D:7      | Reached skill level 5 in Bows
  6468 | D:7      | HP: 4/121 [jelly (3)]
  6468 | D:7      | Splashed by a jelly's acid

Skill      XL: |  1  2  3  4  5  6  7  8  9 |
---------------+----------------------------+-----
Axes           | 4 5 6 8 9 |  9.2
Armour         | 3 4 5 6 7 |  7.4
Fighting       | 4 5 6 7 |  7.8
Dodging        | 3 4 5 6 |  6.7
Bows           | 3 5 |  5.2

Action                   |  1- 3 |  4- 6 |  7- 9 || total
-------------------------+-------+-------+-------++-------
Melee: Hand axe          |    48 |       |    13 ||    61
       Headbutt          |     8 |     5 |    35 ||    48
       War axe           |    22 |    42 |   115 ||   179
 Fire: Shortbow          |       |       |   176 ||   176
Invok: Berserk           |     1 |     1 |     4 ||     6
 Stab: Distracted        |     1 |       |       ||     1
  Eat: Chunk             |     2 |     5 |    13 ||    20
       Beef jerky        |       |       |     1 ||     1
Armor: Animal skin       |    11 |     5 |       ||    16
       Ring mail         |       |     1 |       ||     1
       Leather armour    |       |     2 |    26 ||    28
Dodge: Dodged            |    50 |    25 |   125 ||   200
